 Dungeon Crawl Stone Soup version 0.29-a0-393-g47a863cc1b (webtiles) character file.

Game seed: 7717842889002653213

58 sammy202020 the Skirmisher (level 3, 0/34 HPs)
             Began as a Minotaur Berserker on May 10, 2022.
             Was a Believer of Trog.
             Slain by Grinder (3 damage)
             ... on level 3 of the Dungeon.
             The game lasted 00:03:24 (1668 turns).

sammy202020 the Skirmisher (Minotaur Berserker)     Turns: 1668, Time: 00:03:25

Health: 0/34       AC:  6    Str: 21    XL:     3   Next: 76%
Magic:  2/2        EV:  7    Int:  6    God:    Trog [**....]
Gold:   93         SH:  9    Dex:  9    Spells: 2/2 levels left

rFire   . . .      SeeInvis .   a - +0 hand axe
rCold   . . .      Faith    .   i - +0 tower shield
rNeg    . . .      Spirit   .   e - +0 ring mail
rPois   .          Reflect  .   (helmet restricted)
rElec   .          Harm     .   (no cloak)
rCorr   .          Rampage  .   q - +0 pair of gloves
Will    .....                   (no boots)
Stlth   ..........              (no amulet)
HPRegen 0.11/turn               (no ring)
MPRegen 0.08/turn               (no ring)

@: on berserk cooldown, slowed, very slow
A: horns 2, retaliatory headbutt
a: Renounce Religion, Berserk, Trog's Hand


You were on level 3 of the Dungeon.
You worshipped Trog.
Trog was pleased with you.
You visited 1 branch of the dungeon, and saw 3 of its levels.

You collected 93 gold pieces.

Inventory:

Hand Weapons
 a - a +0 hand axe (weapon)
Armour
 e - a +0 ring mail (worn)
 i - a +0 tower shield (worn)
 q - a +0 pair of gloves (worn)
Jewellery
 k - an amulet of faith
Scrolls
 c - a scroll of immolation {unknown}
 d - a scroll of vulnerability {unknown}
 f - a scroll of enchant armour {unknown}
 g - 7 scrolls of identify {unknown}
 l - a scroll of teleportation {unknown}
 m - a scroll of fear {unknown}
 n - a scroll of poison {unknown}
 r - a scroll of blinking {unknown}
 t - a scroll of magic mapping {unknown}
 v - a scroll of fog {unknown}
Potions
 b - a potion of invisibility {unknown}
 h - a potion of might {unknown}
 j - a potion of magic {unknown}
 p - a potion of flight {unknown}
 s - a potion of haste {unknown}
 u - a potion of lignification {unknown}


   Skills:
 * Level 4.4 Fighting
 * Level 4.3 Axes
 + Level 3.0 Armour
 + Level 2.7 Dodging
 + Level 0.8 Shields


You had 2 spell levels left.
You didn't know any spells.
Your spell library was empty.

Dungeon Overview and Level Annotations

Branches:
Dungeon (3/15)

Altars:

Shops:
D:3 [

Annotations:
D:3 Grinder


Innate Abilities, Weirdness & Mutations

You have a pair of horns on your head.
You reflexively headbutt those who attack you in melee.


Message History

Grinder is heavily wounded.
Grinder blinks!
You feel a strong urge to attack something.
You see here a rat corpse.
You see here a bat corpse.
You feel your anger nearly subside.
You are no longer berserk.
You are exhausted.
You feel yourself slow down.
Grinder says, "Don't move a muscle."
Grinder hits you but does no damage.
You hit Grinder.
Grinder is heavily wounded.
Grinder hits you but does no damage.
Grinder drinks a potion.
Grinder is healed!
You barely miss Grinder. Your headbutt misses Grinder.
Grinder is heavily wounded.
You block Grinder's attack.
Grinder blinks!
Found 18 gold pieces.
Found Peyx's Antique Armour Boutique.
Grinder attacks as you move away! Grinder hits you.
* * * LOW HITPOINT WARNING * * *
Grinder blinks!
You see here a bat corpse.
You see here a rat corpse.
You feel better.
Grinder blinks!
Okay, then.
You see here a rat corpse.
Grinder blinks!
You see here a bat corpse.
Found 10 gold pieces.
Grinder gestures at you.
You suddenly lose the ability to move!
Grinder gestures at you. Pain shoots through your body!
* * * LOW HITPOINT WARNING * * *
You can move again.
Found a book of Geomancy.
Grinder hits you but does no damage. Grinder hits you.
* * * LOW HITPOINT WARNING * * *
You writhe in agony.
You die...

..# #.# ..# #.# .. ..#
#.# #.## # ..###.#
#..#.# ......# ..#.####
.....## :.....$. #.##.#
##$#.... .
#.##.##########...##....
#.##..$...††....@5......
#.#############...##.###
#<. ...∩## ### ###..#
#..# #... #..## #.##


You could see Grinder.

Vanquished Creatures
  An adder (D:2)
  A worm (D:2)
  5 endoplasms
  4 giant cockroaches
  2 goblins
  3 hobgoblins
  7 kobolds
  3 quokkas
  4 ball pythons
  7 bats
  A frilled lizard (D:2)
  4 rats
  A spectral hobgoblin (D:1)
43 creatures vanquished.

Notes
Turn   | Place    | Note
-------+----------+-------------------------------------------
     0 | D:1      | sammy202020 the Minotaur Berserker began the quest for the
                  | Orb.
     0 | D:1      | Reached XP level 1. HP: 19/19 MP: 0/0
   309 | D:1      | Reached XP level 2. HP: 27/27 MP: 1/1
   443 | D:1      | Found a faded altar of an unknown god.
  1012 | D:2      | Reached ** piety under Trog
  1013 | D:2      | Reached XP level 3. HP: 30/33 MP: 2/2
  1628 | D:3      | Noticed Grinder
  1654 | D:3      | Found Peyx's Antique Armour Boutique.
  1664 | D:3      | Paralysed by Grinder for 3 turns
  1668 | D:3      | Slain by Grinder

Illustrated notes

Levels and vault maps discovered:
D:1:      sevenhm_arrival_forest_fort_large_2, layout_loops_ring,
          dreamdust_ecumenical_altar_drowned_temple
D:2:      layout_rooms, grunt_ministairs_11, minmay_heptomino_l4
D:3:      layout_loops_ring, serial_glass, glass_columns_a, glass_columns_b,
          serial_shops, shop, uniq_grinder

Skill      XL: |  1  2  3 |
---------------+----------+-----
Axes           | 4 |  4.3
Fighting       | 4 |  4.4
Armour         | 3 |  3.0
Dodging        | |  2.7
Shields        | |  0.8

Action                   || total
-------------------------++-------
Melee: Hand axe          ||   110
       Headbutt          ||    14
       Punch             ||     1
Invok: Berserk           ||     1
  Use: Potion            ||     1
Armor: Ring mail         ||    41
Dodge: Dodged            ||    38
Block: Tower shield      ||    39

Table legend: (Time is in decaauts)
 A = Elapsed time spent in this place.
 B = Non-inter-level travel time spent in this place.
 C = Inter-level travel time spent in this place.
 D = Time resting spent in this place.
 E = Time spent auto-exploring this place.
 F = Levels seen in this place.
 G = Mean time per level.
                   A        B        C        D        E       F      G
               +--------+--------+--------+--------+--------+-----+--------+
         Total |   1718 |   1691 |     27 |      0 |   1306 |   3 |  572.7 |
       Dungeon |   1718 |   1691 |     27 |      0 |   1306 |   3 |  572.7 |
               +--------+--------+--------+--------+--------+-----+--------+

Top non-repeatable levels by time:
     D:1: 839 daAuts
     D:2: 709 daAuts
     D:3: 169 daAuts
